[Event "Early-Titled-Tuesday-Blitz-April-16-2024"]
[Site "Chess.com"]
[Date "2024.04.16"]
[Round "2"]
[White "mertfelin"]
[Black "chess_blitz00"]
[Result "0-1"]
[WhiteElo "2228"]
[BlackElo "2498"]
[TimeControl "180+1"]
[EndTime "8:14:23 PDT"]
[Termination "chess_blitz00 won by resignation"]

1. e4 d6 2. d4 Nf6 3. Nc3 e5 4. Nf3 Nbd7 5. a4 Be7 6. Bc4 O-O 7. O-O exd4 8. Nxd4 Ne5 9. Bb3 c6 10. h3 Re8 11.
Re1 Bf8 12. Bf4 Ng6 13. Bh2 Qb6 14. a5 Qc7 15. a6 bxa6 16. Nf5 Ne5 17. Bg3 Bb7 18. Qd2 c5 19. Bh4 Ned7 20. f3 c4 21. Ba4 Bc6 22. Bxc6 Qxc6 23. Red1 Red8 24. Ra5 Qb6+ 0-1

[Event "Early-Titled-Tuesday-Blitz-April-16-2024"]
[Site "Chess.com"]
[Date "2024.04.16"]
[Round "2"]
[White "Firouzja2003"]
[Black "PawnEatingZombie"]
[Result "1-0"]
[WhiteElo "3045"]
[BlackElo "2243"]
[TimeControl "180+1"]
[EndTime "8:14:24 PDT"]
[Termination "Firouzja2003 won by resignation"]

1. e4 c5 2. Nf3 Nc6 3. d4 cxd4 4. Nxd4 e5 5. Nb5 d6 6. N1c3 a6 7. Na3 Be7 8. Nc4 Be6 9. Nd5 Bxd5 10. exd5 Nb8 11. Be3 Nd7 12. a4 a5 13. Be2 Ngf6 14.
O-O O-O 15. c3 Ne4 16. f3 Nec5 17. b4 axb4 18. cxb4 Na6 19. Qb3 Kh8 20. a5 f5 21.
Rac1 Rc8 22. Rc2 Nf6 23. Rd1 Nc7 24. Nb6 Rb8 25. Rdc1 Na8 26. Rc8 Rxc8 27. Rxc8 Qxc8 28. Nxc8 Rxc8 29. b5 Nc7 30. a6 bxa6 31. bxa6 Ncxd5 32. Qb7 Rd8 33. a7 Nxe3 34. Qxe7 1-0

[Event "Early-Titled-Tuesday-Blitz-April-16-2024"]
[Site "Chess.com"]
[Date "2024.04.16"]
[Round "2"]
[White "MdSharifHossain"]
[Black "Orphanator2009"]
[Result "0-1"]
[WhiteElo "2291"]
[BlackElo "2520"]
[TimeControl "180+1"]
[EndTime "8:14:25 PDT"]
[Termination "Orphanator2009 won by checkmate"]

1. e4 c5 2. Nf3 d6 3. d4 cxd4 4. Nxd4 Nf6 5. Nc3 Nc6 6. Bg5 e6 7. Qd2 a6 8. Nf3 h6 9. Bh4 Be7 10. O-O-O Qa5 11. Kb1 Bd7 12. e5 Nxe5 13. Bxf6 Bxf6 14.
Qxd6 Rd8 15. Ne4 Nxf3 16. Nxf6+ gxf6 17. gxf3 Bc6 18. Qxd8+ Qxd8 19. Rxd8+ Kxd8 20. Be2 Rg8 21. Kc1 Rg2 22. Kd2 Rxf2 23. Ke3 Rg2 24. Bd3 Ke7 25. b4 f5 26. a3 Kf6 27. c4 e5 28. b5 f4# 0-1

[Event "Early-Titled-Tuesday-Blitz-April-16-2024"]
[Site "Chess.com"]
[Date "2024.04.16"]
[Round "2"]
[White "B_nn_t"]
[Black "h4parah5"]
[Result "0-1"]
[WhiteElo "2537"]
[BlackElo "2995"]
[TimeControl "180+1"]
[EndTime "8:14:29 PDT"]
[Termination "h4parah5 won by resignation"]

1. e4 c5 2. Nf3 Nc6 3. d4 cxd4 4. Nxd4 Nf6 5. Nc3 h5 6. Bg5 Qa5 7. Bxf6 gxf6 8. Nxc6 bxc6 9. Be2 Rb8 10. O-O Rxb2 11. Qd3 e6 12. Rab1 Rb6 13. Rxb6 axb6 14. Rd1 h4 15.
Bf3 Qe5 16. Ne2 Bc5 17. a4 Kf8 18. Qd2 f5 19. Qg5 Be7 20. Qe3 fxe4 21. Bxe4 d5 22. Qxb6 Qxe4 23. Nc3 Qxc2 24. Qxc6 Bf6 0-1

[Event "Early-Titled-Tuesday-Blitz-April-16-2024"]
[Site "Chess.com"]
[Date "2024.04.16"]
[Round "2"]
[White "Mazarini41"]
[Black "Grossboss19"]
[Result "0-1"]
[WhiteElo "2354"]
[BlackElo "2595"]
[TimeControl "180+1"]
[EndTime "8:14:30 PDT"]
[Termination "Grossboss19 won by resignation"]

1. e4 e5 2. Nf3 Nc6 3. d4 exd4 4.
c3 d3 5. Bxd3 Bc5 6. O-O d6 7.
Bg5 Nf6 8. b4 Bb6 9. b5 Ne5 10. Nxe5 dxe5 11. Qf3 h6 12. Bxf6 Qxf6 13. Qxf6 gxf6 14. a4 Ba5 15. c4 c5 16. Na3 Be6 17.
Nc2 O-O-O 18. Rfd1 Bc3 19. Rab1 Bd4 20. a5 Rd6 21.
Na3 Rhd8 22. Bf1 Bxf2+ 23. Kxf2 Rxd1 24. Rxd1 Rxd1 25. b6 a6 26. g3 Ra1 27. Nc2 Ra2 0-1

[Event "Early-Titled-Tuesday-Blitz-April-16-2024"]
[Site "Chess.com"]
[Date "2024.04.16"]
[Round "2"]
[White "WiktoriaPOL"]
[Black "fly_21"]
[Result "1-0"]
[WhiteElo "2395"]
[BlackElo "2643"]
[TimeControl "180+1"]
[EndTime "8:14:31 PDT"]
[Termination "WiktoriaPOL won on time"]

1. c4 Nf6 2. Nc3 c5 3. Nf3 d5 4. cxd5 Nxd5 5. d4 cxd4 6. Qxd4 e6 7. Nxd5 exd5 8. Bd2 Nc6 9. Qd3 Be7 10. g3 O-O 11.
Bg2 1-0

[Event "Early-Titled-Tuesday-Blitz-April-16-2024"]
[Site "Chess.com"]
[Date "2024.04.16"]
[Round "2"]
[White "temus_galaktionov"]
[Black "Vse_po_kaify"]
[Result "0-1"]
[WhiteElo "2852"]
[BlackElo "2597"]
[TimeControl "180+1"]
[EndTime "8:14:32 PDT"]
[Termination "Vse_po_kaify won by resignation"]

1. d4 Nf6 2. Nf3 e6 3. c4 Bb4+ 4. Nbd2 O-O 5. a3 Bxd2+ 6. Qxd2 Ne4 7. Qc2 f5 8. b4 a5 9. b5 d6 10. Bb2 b6 11. e3 Nd7 12. Nd2 Bb7 13. f3 Qh4+ 14. Ke2 Ng3+ 15. hxg3 Qxh1 16. Kf2 Nf6 17. d5 exd5 18. cxd5 Rae8 19. Bd3 Ng4+ 20. fxg4 fxg4+ 21. Bf5 Qh6 22. e4 Bxd5 23. Kg1 Qe3+ 24. Kh2 Qh6+ 25. Kg1 Qe3+ 26. Kh2 Rxf5 27. exf5 Qh6+ 28. Kg1 Re2 0-1

[Event "Early-Titled-Tuesday-Blitz-April-16-2024"]
[Site "Chess.com"]
[Date "2024.04.16"]
[Round "2"]
[White "crazy_but_lazy"]
[Black "Nechitaylo_Nikita"]
[Result "1-0"]
[WhiteElo "2553"]
[BlackElo "2344"]
[TimeControl "180+1"]
[EndTime "8:14:39 PDT"]
[Termination "crazy_but_lazy won on time"]

1. d4 Nf6 2. c4 e6 3. Nf3 c5 4. g3 cxd4 5. Nxd4 Nc6 6. Bg2 Qb6 7.
Nb3 Bb4+ 8. Nc3 O-O 9. O-O d6 10. Bf4 Bxc3 11. bxc3 e5 12. Be3 Qc7 13. c5 d5 14. Bg5 Ne4 15. Bxe4 dxe4 16. Qd5 1-0

[Event "Early-Titled-Tuesday-Blitz-April-16-2024"]
[Site "Chess.com"]
[Date "2024.04.16"]
[Round "2"]
[White "Iball95"]
[Black "MaiqMaster"]
[Result "1-0"]
[WhiteElo "2889"]
[BlackElo "2423"]
[TimeControl "180+1"]
[EndTime "8:14:42 PDT"]
[Termination "Iball95 won by resignation"]

1. e4 c5 2. Nf3 e6 3. Nc3 Nc6 4. d4 cxd4 5. Nxd4 Qc7 6. Nxc6 bxc6 7. Qg4 Nf6 8. Qg3 Qxg3 9. hxg3 d5 10. Bd3 Rb8 11.
exd5 cxd5 12. Nb5 Bd7 13. a4 Bc5 14. Bf4 Rb6 15. c3 Ke7 16. b4 Bxb5 17. axb5 Bd6 18.
Rxa7+ Nd7 19. Be3 Rbb8 20. Kd2 h6 21. Rha1 Rhc8 22. R1a6 Rc7 23. b6 Rcb7 24. Rxb7 Rxb7 25. Ra7 Rb8 26. Bb5 Rd8 27. Bc5 Bxc5 28. bxc5 Ke8 29. Rxd7 Rxd7 30. b7 1-0

[Event "Early-Titled-Tuesday-Blitz-April-16-2024"]
[Site "Chess.com"]
[Date "2024.04.16"]
[Round "2"]
[White "Khromkin"]
[Black "Juicy_Fork"]
[Result "1-0"]
[WhiteElo "2355"]
[BlackElo "2524"]
[TimeControl "180+1"]
[EndTime "8:14:43 PDT"]
[Termination "Khromkin won by checkmate"]

1. d4 Nf6 2. c4 g6 3. Nf3 Bg7 4.
Nc3 O-O 5. g3 d6 6. Bg2 c5 7.
O-O Nc6 8. dxc5 dxc5 9. Be3 Be6 10. Qa4 Nd4 11. Rad1 Bd7 12. Qa3 Nc2 13. Qxc5 b6 14. Qg5 h6 15. Qh4 g5 16. Bxg5 hxg5 17. Nxg5 Rc8 18.
Nd5 Re8 19. Be4 Nxe4 20. Qxe4 e6 21. Qh7+ Kf8 22. Qh5 Re7 23. Nh7+ Kg8 24. Ndf6+ Bxf6 25. Nxf6+ Kg7 26. Qg5+ Kf8 27. Qg8# 1-0

[Event "Early-Titled-Tuesday-Blitz-April-16-2024"]
[Site "Chess.com"]
[Date "2024.04.16"]
[Round "2"]
[White "LegenDaDaDa"]
[Black "kecalk"]
[Result "0-1"]
[WhiteElo "2281"]
[BlackElo "2513"]
[TimeControl "180+1"]
[EndTime "8:14:45 PDT"]
[Termination "kecalk won by resignation"]

1. Nf3 c5 2. e3 d5 3. d4 Nc6 4. b3 cxd4 5. exd4 Bg4 6. Bb2 e6 7. Be2 Bd6 8. Nbd2 Nge7 9. O-O O-O 10. c4 dxc4 11. bxc4 Bc7 12. h3 Bh5 13. Re1 Ba5 14. Rf1 Bc7 15. Re1 Bg6 16. Nf1 Nb4 17. Ne3 Nf5 18.
Nxf5 Bxf5 19. Nh4 Qxh4 0-1

[Event "Early-Titled-Tuesday-Blitz-April-16-2024"]
[Site "Chess.com"]
[Date "2024.04.16"]
[Round "2"]
[White "mr_gustavo"]
[Black "Tol_Tol"]
[Result "1-0"]
[WhiteElo "2710"]
[BlackElo "2426"]
[TimeControl "180+1"]
[EndTime "8:14:47 PDT"]
[Termination "mr_gustavo won by resignation"]

1. b3 e5 2. Bb2 d6 3. c4 Nf6 4.
Nc3 Be7 5. g3 O-O 6. Bg2 c6 7.
d4 exd4 8. Qxd4 a5 9. Nf3 Na6 10. O-O Nc5 11. Qd2 a4 12. b4 a3 13. Bc1 Nce4 14.
Nxe4 Nxe4 15. Qe3 Bf6 16. Nd4 c5 17. Qxe4 Bxd4 18. Rb1 Re8 19. Qd3 Qf6 20. Bxa3 Bf5 21. e4 Bg6 22. bxc5 dxc5 23. Rxb7 Qc6 24. Rb3 Bxe4 25.
Bxe4 Rxe4 26. Rfb1 Rae8 27. Rb8 Qf6 28. Qxe4 1-0

[Event "Early-Titled-Tuesday-Blitz-April-16-2024"]
[Site "Chess.com"]
[Date "2024.04.16"]
[Round "2"]
[White "AnishOnYoutube"]
[Black "MKlose11"]
[Result "1-0"]
[WhiteElo "3052"]
[BlackElo "2630"]
[TimeControl "180+1"]
[EndTime "8:15:04 PDT"]
[Termination "AnishOnYoutube won by resignation"]

1. Nf3 Nf6 2. c4 c5 3. Nc3 Nc6 4. e3 g6 5. d4 cxd4 6. exd4 d5 7. cxd5 Nxd5 8. Qb3 e6 9. Bb5 Bg7 10. Bxc6+ bxc6 11. O-O O-O 12. Re1 Ba6 13. Ne4 Rb8 14.
Qd1 c5 15. Nxc5 Bb7 16. Bg5 Qd6 17. Bh4 Qc6 18. Rc1 Qb5 19. a4 Qxb2 20. Rb1 Nc3 21.
Rxb2 Nxd1 22. Rxb7 Rxb7 23. Nxb7 Nc3 24. Nc5 h6 25. Bg3 Rd8 26. Kf1 Bxd4 27. Nxd4 Rxd4 28. Be5 Rc4 29. Rc1 Rxc5 30. Bxc3 a6 31. Bb2 1-0

[Event "Early-Titled-Tuesday-Blitz-April-16-2024"]
[Site "Chess.com"]
[Date "2024.04.16"]
[Round "2"]
[White "michaelskie11"]
[Black "RandomNoob04"]
[Result "0-1"]
[WhiteElo "2379"]
[BlackElo "2653"]
[TimeControl "180+1"]
[EndTime "8:15:05 PDT"]
[Termination "RandomNoob04 won by resignation"]

1. d4 Nf6 2. Nc3 d5 3. Bf4 e6 4. e3 Bb4 5. Bd3 O-O 6. Ne2 c5 7. a3 Bxc3+ 8. Nxc3 Nc6 9. Nb5 a6 10. Nd6 cxd4 11. exd4 Nxd4 12. Bxh7+ Nxh7 13. Qxd4 f6 14. Bd2 Qxd6 15. Bb4 Qd8 16. Bxf8 Nxf8 17. O-O e5 18. Qc5 Be6 19. Rad1 Rc8 20. Qa7 Qc7 21. c3 Nd7 22. f4 Nb6 23. f5 0-1

[Event "Early-Titled-Tuesday-Blitz-April-16-2024"]
[Site "Chess.com"]
[Date "2024.04.16"]
[Round "2"]
[White "xasid81"]
[Black "NovakRatko"]
[Result "1-0"]
[WhiteElo "2634"]
[BlackElo "2372"]
[TimeControl "180+1"]
[EndTime "8:15:05 PDT"]
[Termination "xasid81 won by resignation"]

1. f4 d5 2. Nf3 c5 3. g3 Nc6 4. Bg2 f6 5. O-O e5 6. fxe5 fxe5 7. e4 d4 8. d3 Bg4 9. Nbd2 Qd7 10. Nc4 Bd6 11. h3 Bh5 12. Nfxe5 Bxd1 13. Nxd7 Bxc2 14. Nxd6+ Kxd7 15. Nf7 Bxd3 16. Rf2 Rb8 17. Nxh8 Nf6 18. Nf7 Nxe4 19. Bxe4 Bxe4 20. Bf4 Rf8 21. Ng5 Bd5 22. Nxh7 Rh8 23. Ng5 c4 24. Rd1 b5 25. h4 d3 26.
Nf3 Re8 27. Re1 Rxe1+ 28. Nxe1 Nd4 29. Be5 Ne2+ 30. Rxe2 dxe2 31. Bxg7 c3 32. Bxc3 Bxa2 33. Kf2 Bc4 34. h5 Ke6 35. h6 1-0

[Event "Early-Titled-Tuesday-Blitz-April-16-2024"]
[Site "Chess.com"]
[Date "2024.04.16"]
[Round "2"]
[White "baki83"]
[Black "chess123456s"]
[Result "1-0"]
[WhiteElo "2923"]
[BlackElo "2599"]
[TimeControl "180+1"]
[EndTime "8:15:07 PDT"]
[Termination "baki83 won by checkmate"]

1. e4 e5 2. Nf3 Nc6 3. Bb5 a6 4. Ba4 Bc5 5. c3 Nge7 6. d4 exd4 7. cxd4 Bb4+ 8. Bd2 Bxd2+ 9. Qxd2 d5 10. e5 O-O 11.
h3 f6 12. O-O fxe5 13. Nxe5 Nxe5 14. dxe5 Ng6 15. f4 c6 16. Nc3 Qh4 17. Ne2 Nxe5 18.
fxe5 Rxf1+ 19. Rxf1 Qxa4 20. b4 Be6 21. Nd4 Bf7 22. e6 Bg6 23. e7 Re8 24. Ne6 Bf7 25. Qf4 Rxe7 26. Qb8+ Re8 27. Qxe8+ Bxe8 28. Rf8# 1-0

[Event "Early-Titled-Tuesday-Blitz-April-16-2024"]
[Site "Chess.com"]
[Date "2024.04.16"]
[Round "2"]
[White "MokshAD1603"]
[Black "BilodeauA"]
[Result "0-1"]
[WhiteElo "2611"]
[BlackElo "2977"]
[TimeControl "180+1"]
[EndTime "8:15:09 PDT"]
[Termination "BilodeauA won by resignation"]

1. d4 d5 2. c4 dxc4 3. Nf3 a6 4. e3 Bg4 5. Bxc4 e6 6. h3 Bh5 7. Nc3 Nc6 8. O-O Nf6 9. Be2 Bd6 10. e4 Bxf3 11.
Bxf3 Nxd4 12. e5 Nxf3+ 13. Qxf3 Bxe5 14. Qxb7 O-O 15. Rd1 Qb8 16. Qc6 h6 17. Qc5 Bd6 18. Qd4 Rd8 19. Qh4 Be7 20. Qg3 Rxd1+ 21. Nxd1 Qb4 22.
Bxh6 Qe1+ 23. Kh2 Bd6 24. Bf4 Nh5 25. Qf3 Bxf4+ 26. g3 Bxg3+ 27. fxg3 Rd8 0-1

[Event "Early-Titled-Tuesday-Blitz-April-16-2024"]
[Site "Chess.com"]
[Date "2024.04.16"]
[Round "2"]
[White "Vesper2018"]
[Black "francyIM"]
[Result "0-1"]
[WhiteElo "2558"]
[BlackElo "2810"]
[TimeControl "180+1"]
[EndTime "8:15:18 PDT"]
[Termination "francyIM won by checkmate"]

1. e4 g6 2. d4 Bg7 3. Nc3 d6 4. Be3 c6 5. Qd2 b5 6. h4 h5 7. f3 Bb7 8. Nh3 Nd7 9. Ng5 e6 10. O-O-O Qa5 11. Kb1 b4 12. Ne2 Nb6 13. Nc1 Rb8 14.
Nb3 Qa4 15. f4 Nf6 16. f5 exf5 17. exf5 O-O 18. Bd3 gxf5 19. Qf2 Bc8 20. Bxf5 Bxf5 21. Qxf5 Nbd5 22. Bc1 Rb6 23. g4 Ra6 24. a3 bxa3 25. gxh5 Rb8 26. Rh3 Rb5 27. Qc8+ Bf8 28. Rg1 axb2 29.
Kxb2 Qa3+ 30. Kb1 Qa1# 0-1

[Event "Early-Titled-Tuesday-Blitz-April-16-2024"]
[Site "Chess.com"]
[Date "2024.04.16"]
[Round "2"]
[White "aljado"]
[Black "SHIVACalypso"]
[Result "0-1"]
[WhiteElo "2149"]
[BlackElo "2466"]
[TimeControl "180+1"]
[EndTime "8:15:20 PDT"]
[Termination "SHIVACalypso won by resignation"]

1. e4 c6 2. d4 d5 3. exd5 cxd5 4. c4 Nf6 5. Nc3 Nc6 6. Bg5 dxc4 7. d5 Ne5 8. Qd4 Qc7 9. Bf4 Nfd7 10. Be2 e6 11. dxe6 fxe6 12. Nf3 Nxf3+ 13. Bxf3 Qc5 14. Qxc5 Bxc5 15.
Nb5 O-O 16. Nc7 Rxf4 17. Nxa8 Ne5 18. Ke2 Nxf3 19. gxf3 Bd7 20. Rad1 Bc6 21. Rd8+ Kf7 22. Rg1 Bxf3+ 23. Kd2 Bc6 24. Nc7 Rxf2+ 25. Kc3 Rf3+ 0-1

[Event "Early-Titled-Tuesday-Blitz-April-16-2024"]
[Site "Chess.com"]
[Date "2024.04.16"]
[Round "2"]
[White "Massakru"]
[Black "only_strong_moves"]
[Result "0-1"]
[WhiteElo "2367"]
[BlackElo "2631"]
[TimeControl "180+1"]
[EndTime "8:15:21 PDT"]
[Termination "only_strong_moves won by resignation"]

1. e4 d5 2. exd5 Qxd5 3. Nc3 Qa5 4. d4 Nf6 5. Nf3 Bf5 6. Bc4 e6 7. Qe2 Bb4 8. Bd2 O-O 9. O-O Nc6 10. a3 Bxc3 11. Bxc3 Qb6 12. h3 Rad8 13. Rad1 Ne4 14. Nh4 Nxd4 15. Bxd4 Rxd4 16. Nxf5 exf5 17. Rxd4 Qxd4 18.
Rd1 Qxb2 19. Rd7 Qc1+ 20. Kh2 Qxa3 21. f3 Nf6 22. Qe7 Qxe7 23. Rxe7 Ne8 24. Bxf7+ Rxf7 25. Rxe8+ Rf8 26. Re7 Rc8 27. Kg3 Kf8 28. Rd7 a5 29. Kf4 a4 30. Kxf5 a3 31. Rd3 Ra8 32. Ke6 a2 0-1

[Event "Early-Titled-Tuesday-Blitz-April-16-2024"]
[Site "Chess.com"]
[Date "2024.04.16"]
[Round "2"]
[White "The_Sherman_Variation"]
[Black "Fernando_Offermann"]
[Result "1-0"]
[WhiteElo "2719"]
[BlackElo "2436"]
[TimeControl "180+1"]
[EndTime "8:15:25 PDT"]
[Termination "The_Sherman_Variation won by checkmate"]

1. Nf3 c5 2. c4 g6 3. Nc3 Bg7 4. d4 cxd4 5. Nxd4 Nc6 6. Nxc6 bxc6 7. e4 d6 8. Be3 Qa5 9. Qd2 Nf6 10. Bd3 Ng4 11.
O-O Nxe3 12. Qxe3 O-O 13. Rfc1 Rb8 14. Qe2 Be6 15. a3 Rb3 16. Nd1 Rfb8 17. Bc2 R3b7 18.
Rab1 c5 19. Bd3 Qa4 20. h4 h5 21. Rc2 Bd4 22. Ne3 Bxe3 23. Qxe3 Rb3 24. Qe2 Rxa3 25. e5 Ra1 26. Rxa1 Qxa1+ 27. Kh2 Qa6 28. Rd2 Rd8 29. g3 dxe5 30. Qxe5 Qd6 31. Qg5 Kf8 32. Qh6+ Kg8 33.
Bxg6 Qxd2 34. Qh7+ Kf8 35. Qh8# 1-0

[Event "Early-Titled-Tuesday-Blitz-April-16-2024"]
[Site "Chess.com"]
[Date "2024.04.16"]
[Round "2"]
[White "Knightmare1014"]
[Black "GiorgianBarbosa"]
[Result "1-0"]
[WhiteElo "2294"]
[BlackElo "2496"]
[TimeControl "180+1"]
[EndTime "8:15:25 PDT"]
[Termination "Knightmare1014 won by checkmate"]

1. e4 c5 2. Nf3 g6 3. d4 cxd4 4. Nxd4 Bg7 5. c4 Nc6 6. Be3 Nf6 7.
Nc3 O-O 8. Be2 Nxd4 9. Bxd4 d6 10. O-O Bd7 11. Qd2 Bc6 12. f3 Nd7 13. Be3 a5 14.
Rac1 Nc5 15. Rfd1 b6 16. b3 Be5 17. Nd5 e6 18. Nc3 Qe7 19. Bf4 Rfd8 20. Qe3 Rac8 21. Bg5 Bf6 22. Bf4 Be5 23. Re1 Bxf4 24. Qxf4 e5 25. Qe3 Ne6 26. Nd5 Bxd5 27. exd5 Nd4 28. f4 f6 29. Bd3 Qc7 30. Qg3 Qc5 31. Kh1 Rf8 32. Bxg6 hxg6 33. Qxg6+ Kh8 34. Re3 Rc7 35. Rh3+ Rh7 36. Rxh7# 1-0

[Event "Early-Titled-Tuesday-Blitz-April-16-2024"]
[Site "Chess.com"]
[Date "2024.04.16"]
[Round "2"]
[White "Aradhya2000"]
[Black "stolencandy13"]
[Result "0-1"]
[WhiteElo "2758"]
[BlackElo "2560"]
[TimeControl "180+1"]
[EndTime "8:15:28 PDT"]
[Termination "stolencandy13 won by checkmate"]

1. d4 Nf6 2. c4 c5 3. d5 e6 4. Nf3 exd5 5. cxd5 d6 6. e4 a6 7. h3 g6 8. Bd3 Bg7 9. O-O Nbd7 10. a4 Nh5 11. Na3 O-O 12. Nc4 Nb6 13. Bg5 Qc7 14.
Qd2 Nxc4 15. Bxc4 Re8 16. Rfe1 Bd7 17. e5 b5 18. axb5 axb5 19. exd6 Qxd6 20. Be7 Qb6 21.
Bf1 Rxa1 22. Rxa1 Rxe7 23. g4 Nf6 24. d6 Re8 25. Rd1 Ne4 26. Qd5 Bc6 27. d7 Rd8 28.
Qd3 Rxd7 29. Qe2 Rxd1 30. Qxd1 c4 31. b3 Qxf2+ 32. Kh1 Ng3# 0-1

[Event "Early-Titled-Tuesday-Blitz-April-16-2024"]
[Site "Chess.com"]
[Date "2024.04.16"]
[Round "2"]
[White "Slovineanu"]
[Black "Yushko_Olga"]
[Result "1-0"]
[WhiteElo "2500"]
[BlackElo "2239"]
[TimeControl "180+1"]
[EndTime "8:15:28 PDT"]
[Termination "Slovineanu won by resignation"]

1. d4 Nf6 2. Nf3 e6 3. c4 d5 4. e3 Bd6 5. b3 O-O 6. Bd3 dxc4 7.
bxc4 c5 8. O-O cxd4 9. exd4 Nc6 10. Bb2 b6 11. Nc3 Bb7 12. Qe2 Be7 13. Rad1 Qc7 14. d5 exd5 15. Nxd5 Nxd5 16. cxd5 Nb4 17. d6 Bxd6 18.
Bxh7+ Kh8 19. Be4 Rae8 20. Ng5 Bxe4 21. Nxe4 Bxh2+ 22. Kh1 Re6 23. Qg4 Rg6 24. Ng5 Bf4 25.
Qh5+ Rh6 26. Qxh6+ 1-0

[Event "Early-Titled-Tuesday-Blitz-April-16-2024"]
[Site "Chess.com"]
[Date "2024.04.16"]
[Round "2"]
[White "VacheH009"]
[Black "FairChess_on_YouTube"]
[Result "0-1"]
[WhiteElo "2642"]
[BlackElo "3079"]
[TimeControl "180+1"]
[EndTime "8:15:29 PDT"]
[Termination "FairChess_on_YouTube won on time"]

1. d4 Nf6 2. c4 d6 3. Nf3 g6 4. Nc3 Bf5 5. e3 Bg7 6. Bd3 Bxd3 7. Qxd3 O-O 8. O-O Nbd7 9. b3 e5 10. dxe5 dxe5 11. Ba3 e4 12. Nxe4 Nxe4 13. Qxe4 Re8 14.
Qxb7 Bxa1 15. Rxa1 Rb8 16. Qd5 Qf6 17. Rb1 Ne5 18. Bb2 Qf5 19. Re1 Rbd8 20. Qb7 Nd3 21. e4 Qf4 22. Bc3 Nxe1 23. Nxe1 Qxe4 0-1

[Event "Early-Titled-Tuesday-Blitz-April-16-2024"]
[Site "Chess.com"]
[Date "2024.04.16"]
[Round "2"]
[White "GrotBchess"]
[Black "AlexPapasimakopoulos"]
[Result "0-1"]
[WhiteElo "2454"]
[BlackElo "2718"]
[TimeControl "180+1"]
[EndTime "8:15:31 PDT"]
[Termination "AlexPapasimakopoulos won by resignation"]

1. e4 e6 2. d4 d5 3. Nc3 Bb4 4. e5 c5 5. a3 Bxc3+ 6. bxc3 Nc6 7. h4 Nge7 8. h5 h6 9. Nf3 Bd7 10. Bd3 Qa5 11. Bd2 c4 12. Be2 O-O-O 13. Qb1 f6 14. exf6 gxf6 15. Qb2 Qc7 16. Rb1 b6 17. Qb5 Rdg8 18.
g3 e5 19. Qa6+ Kb8 20. Rh4 Ka8 21. dxe5 Nb8 22. exf6 Nxa6 23. fxe7 Bf5 24. Nd4 Be4 25. Rb5 Nc5 26. a4 Rxg3 27. Bf4 Rg1+ 28. Kd2 Qxe7 29. a5 Qxh4 0-1

[Event "Early-Titled-Tuesday-Blitz-April-16-2024"]
[Site "Chess.com"]
[Date "2024.04.16"]
[Round "2"]
[White "ilqar_74"]
[Black "UK_23"]
[Result "0-1"]
[WhiteElo "2785"]
[BlackElo "2474"]
[TimeControl "180+1"]
[EndTime "8:15:33 PDT"]
[Termination "UK_23 won by resignation"]

1. e4 c6 2. Nf3 d5 3. Nc3 dxe4 4. Nxe4 Nf6 5. Qe2 Na6 6. d4 Nxe4 7.
Qxe4 Qd5 8. Qxd5 cxd5 9. c3 Nb8 10. Bd3 Nc6 11. Bf4 Bg4 12. Nd2 e6 13. f3 Bh5 14.
Kf2 Bg6 15. Be2 Kd7 16. b4 Bd6 17. Bxd6 Kxd6 18. Nb3 b6 19. Rhc1 Rhc8 20. b5 Na5 21. Nxa5 bxa5 22. a4 Rc7 23. Ke3 Rac8 24. Kd2 f6 25. f4 Be4 26. g3 e5 27. fxe5+ fxe5 28.
dxe5+ Kxe5 29. Ra3 Rf8 30. Ke1 g5 31. Rb3 Rf6 32.
Rb2 h6 33. Rd2 Rf8 34. Rb2 Rf6 35. Rb3 Rc5 36. Kd2 Rf2 37. b6 axb6 38. Rxb6 Rxh2 39. Rf1 d4 40. cxd4+ Kxd4 41. Rff6 Rc2+ 42. Kd1 Rhxe2 0-1

[Event "Early-Titled-Tuesday-Blitz-April-16-2024"]
[Site "Chess.com"]
[Date "2024.04.16"]
[Round "2"]
[White "Shuvalov"]
[Black "ViktoriyaTarasova"]
[Result "1-0"]
[WhiteElo "2634"]
[BlackElo "2343"]
[TimeControl "180+1"]
[EndTime "8:15:34 PDT"]
[Termination "Shuvalov won by resignation"]

1. d4 Nf6 2. c4 e6 3. Nf3 b6 4.
g3 Ba6 5. b3 d5 6. Ne5 c5 7.
Bg2 Bd6 8. Bb2 O-O 9. O-O Qc7 10.
e3 Rd8 11. Nc3 Bxe5 12. dxe5 Nfd7 13. f4 f6 14. cxd5 Bxf1 15. Qxf1 fxe5 16. dxe6 Nc6 17. exd7 Rxd7 18. Nd5 Qd6 19. Bxe5 Nxe5 20. fxe5 Qxe5 21. Nf6+ gxf6 22. Bxa8 Qxe3+ 23. Kh1 Qd4 24. Re1 Kg7 25. Qf5 Qd2 26. Rf1 Qd4 27. Be4 1-0

[Event "Early-Titled-Tuesday-Blitz-April-16-2024"]
[Site "Chess.com"]
[Date "2024.04.16"]
[Round "2"]
[White "Let_it_be_1"]
[Black "LileKoridze"]
[Result "0-1"]
[WhiteElo "2587"]
[BlackElo "2381"]
[TimeControl "180+1"]
[EndTime "8:15:38 PDT"]
[Termination "LileKoridze won by checkmate"]

1. e4 c5 2. Nf3 d6 3. d4 cxd4 4. Nxd4 Nf6 5. Nc3 a6 6. Be2 e5 7. Nb3 Be7 8. O-O O-O 9. Kh1 Be6 10. f4 exf4 11. Bxf4 Nc6 12. Qe1 Rc8 13. Rd1 Qc7 14. Qg3 Ne5 15. Nd4 Nc4 16. Nxe6 fxe6 17. Bxc4 Qxc4 18.
Qd3 Qxd3 19. cxd3 d5 20. Be5 dxe4 21. dxe4 Ng4 22. Bd4 Rxf1+ 23. Rxf1 Bc5 24. Bxc5 Rxc5 25. Kg1 b5 26. a3 a5 27. h3 Nf6 28. Rd1 b4 29.
axb4 axb4 30. Na4 Re5 31. Rd8+ Kf7 32. Rb8 Rxe4 33. Kf2 Rc4 34. b3 Rc2+ 35. Kf3 Nd5 36. Nb6 Nxb6 37. Rxb6 Rc3+ 38. Ke4 Rxb3 39. Ke5 Re3+ 40.
Kd4 Rg3 41. Rxb4 Rxg2 42. Ke5 Re2+ 43. Kf4 Kf6 44. Rb6 Rh2 45. Kg3 Rd2 46. h4 g6 47. Kf4 Rd4+ 48. Kg3 h6 49. Rb8 Rd3+ 50. Kf4 e5+ 51. Kg4 h5# 0-1

[Event "Early-Titled-Tuesday-Blitz-April-16-2024"]
[Site "Chess.com"]
[Date "2024.04.16"]
[Round "2"]
[White "pirulillo"]
[Black "2Coaches1Profile"]
[Result "0-1"]
[WhiteElo "2327"]
[BlackElo "2535"]
[TimeControl "180+1"]
[EndTime "8:15:38 PDT"]
[Termination "2Coaches1Profile won by resignation"]

1. e4 Nf6 2. e5 Nd5 3. d4 d6 4. c4 Nb6 5. exd6 cxd6 6. Nc3 g6 7. Be3 Bg7 8. Rc1 O-O 9. b3 Bf5 10. Be2 Nc6 11. d5 Nb8 12. Nf3 Bg4 13. Nd4 Bxe2 14.
Qxe2 N6d7 15. O-O Na6 16. f4 Nac5 17. Rfe1 a5 18. Bf2 Re8 19. Ncb5 a4 20. b4 Na6 21. a3 Nc7 22. Nxc7 Qxc7 23. Nb5 Qd8 24. c5 dxc5 25.
bxc5 Qa5 26. c6 bxc6 27. dxc6 Nf6 28. c7 Nd5 29. Nd6 Nxc7 30. Nxe8 Rxe8 31. Qc4 Nd5 32. Bd4 Bh6 33. g3 e6 34. Rb1 Bf8 35. Rb5 Qxe1+ 0-1

[Event "Early-Titled-Tuesday-Blitz-April-16-2024"]
[Site "Chess.com"]
[Date "2024.04.16"]
[Round "2"]
[White "RafalBRC"]
[Black "DanylaBagrov"]
[Result "0-1"]
[WhiteElo "2195"]
[BlackElo "2476"]
[TimeControl "180+1"]
[EndTime "8:15:39 PDT"]
[Termination "DanylaBagrov won by resignation"]

1. Nf3 f5 2. g3 Nf6 3. h4 d6 4.
d3 e5 5. Bh3 Be7 6. Nbd2 O-O 7.
b3 f4 8. Nf1 Bxh3 9. Rxh3 e4 10. dxe4 fxg3 11. Rxg3 Nc6 12. Bb2 Rf7 13. e5 dxe5 14. Nxe5 Bb4+ 15. Nd2 Nxe5 16. Bxe5 Bxd2+ 17. Qxd2 Qxd2+ 18. Kxd2 Ne4+ 19. Ke3 Nxg3 20. Bxg3 Re8+ 21. Kd3 Rd7+ 22. Kc3 Rxe2 23. Rg1 Rdd2 24. Be5 Rxc2+ 25. Kd3 g6 26. f4 Rxa2 27. h5 Rad2+ 28. Kc3 Rg2 29.
Rh1 Rd7 30. hxg6 Rxg6 31. f5 Rg5 32. Rf1 Rd5 33. Bxc7 Rc5+ 34. Kd4 Rxc7 0-1